 Dungeon Crawl Stone Soup version 0.29-a0-914-g906f1d757c (webtiles) character file.

Game seed: 8102059432057324670

91 tsouns the Shooter (level 4, -1/25 HPs)
             Began as a Deep Elf Hunter on July 26, 2022.
             Was a Believer of Zin.
             Slain by an ufetubus (2 damage)
             ... summoned by Eustachio
             ... on level 4 of the Dungeon.
             The game lasted 00:05:34 (1991 turns).

tsouns the Shooter (Deep Elf Hunter)                Turns: 1991, Time: 00:05:35

Health: -1/25      AC:  8    Str:  9    XL:     4   Next: 34%
Magic:  6/6        EV: 12    Int: 17    God:    Zin [**....]
Gold:   76         SH:  0    Dex: 19    Spells: 0/3 levels left

rFire   . . .      SeeInvis .   a - +0 shortbow
rCold   . . .      Faith    .   (shield currently unavailable)
rNeg    . . .      Spirit   .   o - +3 leather armour
rPois   ∞          Reflect  .   (no helmet)
rElec   .          Harm     .   (no cloak)
rCorr   .          Rampage  .   i - +1 pair of gloves
Will    .....                   (no boots)
Stlth   ++........              (no amulet)
HPRegen 0.08/turn               (no ring)
MPRegen 0.10/turn               (no ring)

@: vitalised
A: no striking features
a: Renounce Religion, Recite, Vitalisation, Donate Gold


You were on level 4 of the Dungeon.
You worshipped Zin.
Zin was pleased with you.
You visited 1 branch of the dungeon, and saw 5 of its levels.

You collected 84 gold pieces.
You donated 8 gold pieces to Zin.

Inventory:

Hand Weapons
 a - a +0 shortbow (weapon)
 p - a +0 short sword
 q - a +1 dagger of holy wrath
Missiles
 k - 5 javelins
Armour
 c - a +0 leather armour
 i - a +1 pair of gloves (worn)
 o - a +3 leather armour (worn)
Scrolls
 b - a scroll of immolation
 f - 4 scrolls of teleportation
 l - 2 scrolls of vulnerability
 s - a scroll of butterflies {unknown}
 v - a scroll of magic mapping {unknown}
Potions
 d - a potion of cancellation
 e - a potion of degeneration
 m - a potion of invisibility {unknown}
 t - a potion of brilliance {unknown}
 u - a potion of curing {unknown}


   Skills:
 - Level 1.5 Fighting
 + Level 7.8 Ranged Weapons
 - Level 2.4 Dodging
 - Level 1.2 Stealth


You couldn't memorise any spells.
You knew the following spells:

 Your Spells              Type           Power      Damage    Failure   Level
a - Conjure Flame         Conj/Fire      0%         6-21      69%         3

Your spell library contained the following spells:

 Spells                   Type           Power      Damage    Failure   Level
 Sublimation of Blood     Necr           0%         N/A       45%         2
 Wereblood                Tmut           0%         N/A       45%         2
 Confusing Touch          Hex            0%         N/A       69%         3
 Ignite Poison            Fire/Tmut/Pois 0%         N/A       69%         3
 Sticky Flame             Conj/Fire      0%         2d3       97%         4
 Yara's Violent Unravell  Hex/Tmut       0%         3d3       100%        5
 Enfeeble                 Hex            0%         N/A       100%        7
 Summon Hydra             Summ           0%         N/A       100%        7


Dungeon Overview and Level Annotations

Branches:
Dungeon (5/15)             Temple (0/1) D:5

Altars:
Hepliaklqana
Zin

Shops:
D:5 [

Annotations:
D:4 Eustachio


Message History

The arrow misses the ufetubus.
The iron imp disappears in a puff of smoke!
The white imp disappears in a puff of smoke!
Eustachio hits you with a +0 rapier. x2
* * * LOW HITPOINT WARNING * * *
The rat barely misses you.
Unknown command.
Fire: a) +0 shortbow
Press: ? - help, Q - select action, (/) - cycle Shift-Dir - straight line, f/p - Eustachio
Aim: Eustachio, wielding a +0 rapier and wearing a +0 leather armour (almost dead, 54% to hit)
You shoot an arrow. The arrow barely misses Eustachio.
The arrow barely misses the ufetubus.
The ufetubus barely misses you. The ufetubus hits you.
* * * LOW HITPOINT WARNING * * *
The ufetubus closely misses you.
The ufetubus hits you but does no damage. x2
The ufetubus misses you. Eustachio hits you with a +0 rapier.
* * * LOW HITPOINT WARNING * * *
Fire: a) +0 shortbow
Press: ? - help, Q - select action, (/) - cycle Shift-Dir - straight line, f/p - Eustachio
Aim: Eustachio, wielding a +0 rapier and wearing a +0 leather armour (almost dead, 54% to hit)
You shoot an arrow. The arrow closely misses Eustachio.
The arrow barely misses the iron imp.
The ufetubus closely misses you. The ufetubus misses you.
The ufetubus hits you. Zin protects you from harm!
The ufetubus closely misses you. The ufetubus hits you.
* * * LOW HITPOINT WARNING * * *
The ufetubus misses you. The ufetubus closely misses you.
The ufetubus barely misses you. Eustachio hits you with a +0 rapier.
Zin protects you from harm! The river rat barely misses you.
Fire: a) +0 shortbow
Press: ? - help, Q - select action, (/) - cycle Shift-Dir - straight line, f/p - Eustachio
Aim: Eustachio, wielding a +0 rapier and wearing a +0 leather armour (almost dead, 54% to hit)
You shoot an arrow.
The arrow hits Eustachio but does no damage.
Eustachio is almost dead.
The ufetubus barely misses you. The ufetubus hits you.
You die...

.. .# ..#
####...#
#^....##.
##........
######...#.....
#.5##...## ..#
##5@@rr..# #
#..5#####...#
#.### .....
####..§.._.#.....
#....###...##.##.
#....# ##### ..
##....##...
##.......#
#...###..#


You could see Eustachio, an iron imp (summoned), a river rat (summoned), 2
ufetubi and a rat (summoned).

Vanquished Creatures
  4 adders
  A worm (D:2)
  2 dart slugs (D:1)
  8 ball pythons
  6 endoplasms
  2 giant cockroaches (D:1)
  4 goblins
  5 hobgoblins
  A jackal (D:4)
  A quokka (D:1)
  4 bats
  3 frilled lizards
  3 kobolds (D:1)
  A rat (D:1)
45 creatures vanquished.

Notes
Turn   | Place    | Note
-------+----------+-------------------------------------------
     0 | D:1      | tsouns the Deep Elf Hunter began the quest for the Orb.
     0 | D:1      | Reached XP level 1. HP: 12/12 MP: 3/3
   163 | D:1      | Reached skill level 6 in Ranged Weapons
   163 | D:1      | Reached XP level 2. HP: 16/16 MP: 4/4
   303 | D:1      | Found a faded altar of an unknown god.
   319 | D:1      | Prayed at the altar of an unknown god.
   319 | D:1      | Became a worshipper of Zin the Law-Giver
   319 | D:1      | Reached * piety under Zin
   844 | D:1      | Reached XP level 3. HP: 13/20 MP: 5/5
  1099 | D:2      | Reached skill level 7 in Ranged Weapons
  1312 | D:2      | Reached ** piety under Zin
  1676 | D:2      | Reached XP level 4. HP: 25/25 MP: 6/6
  1858 | D:3      | Learned a level 3 spell: Conjure Flame
  1858 | D:3      | You fall into a shaft and drop 2 floors!
  1858 | D:5      | Entered Level 5 of the Dungeon
  1858 | D:5      | Found Toecw's Armour Emporium.
  1893 | D:5      | Found a staircase to the Ecumenical Temple.
  1902 | D:5      | Noticed a scorpion
  1927 | D:4      | Noticed Eustachio
  1946 | D:4      | Found a hazy altar of Hepliaklqana.
  1990 | D:4      | Zin protects you from harm!
  1990 | D:4      | HP: 1/25 [ufetubus[Eustachio] (1)]
  1990 | D:4      | Zin protects you from harm!
  1991 | D:4      | Slain by an ufetubus

Illustrated notes

Levels and vault maps discovered:
D:1:      minmay_arrival_radiant_lines, layout_basic, basic_ecumenical_altar,
          roderic_lattice_a
D:2:      layout_basic, hangedman_decor_peaks_small, serial_bayou_pond_d
D:3:      layout_basic, nicolae_overflow_crystal_walls, bloody_trog,
          lemuel_coloured_pillars_altar, serial_glass, glass_columns_a,
          glass_columns_c, glass_columns_a, glass_columns_b, glass_columns_a,
          glass_columns_a, feat_on_display, minmay_strange_pillars,
          uniq_crazy_yiuf_cottage, uniq_sigmund
D:4:      layout_cave_pools, kennysheep_little_box, nzn_hepliaklqana_mist_gate,
          minmay_shop_damaged, minmay_starry_boxes, uniq_eustachio
D:5:      layout_cave_pools, minmay_temple_entry_butterflies, serial_shops,
          kennysheep_mini, nicolae_shop_trees, nicolae_shop_hallway_plus,
          nicolae_take_the_stairs, shop

Skill      XL: |  1  2  3 |
---------------+----------+-----
Ranged Weapons | 6 7 |  7.8
Fighting       | |  1.5
Dodging        | |  2.4
Stealth        | |  1.2

Action                   |  1- 3 |  4- 6 || total
-------------------------+-------+-------++-------
 Fire: Shortbow          |    96 |    56 ||   152
Invok: Vitalisation      |       |     1 ||     1
  Use: Scroll            |       |     6 ||     6
       Potion            |       |     4 ||     4
Armor: Leather armour    |     7 |    20 ||    27
Dodge: Dodged            |    23 |    46 ||    69

Table legend: (Time is in decaauts)
 A = Elapsed time spent in this place.
 B = Non-inter-level travel time spent in this place.
 C = Inter-level travel time spent in this place.
 D = Time resting spent in this place.
 E = Time spent auto-exploring this place.
 F = Levels seen in this place.
 G = Mean time per level.
                   A        B        C        D        E       F      G
               +--------+--------+--------+--------+--------+-----+--------+
         Total |   2025 |   1969 |     56 |      0 |   1578 |   5 |  405.0 |
       Dungeon |   2025 |   1969 |     56 |      0 |   1578 |   5 |  405.0 |
               +--------+--------+--------+--------+--------+-----+--------+

Top non-repeatable levels by time:
     D:1: 1020 daAuts
     D:2: 857 daAuts
     D:4: 89 daAuts
     D:5: 53 daAuts
     D:3: 4 daAuts
